Map: [ESL] Waterfall

Players

Adagon

  • Race: Protoss Protoss
  • League: Gold
  • Spawn Location: 7:00

PiG - Winner!

  • Race: Zerg Zerg
  • League: Grandmaster
  • Spawn Location: 1:00

VOD

Have the link to the VOD?

Description

Time

  • Played on: June 21, 2022, 7:56 p.m.
  • Length: 17:59
Show
View Real Time Build Order
Export as new Build Order

Adagon Protoss 

Build Orders: 1 Gate Expand, Colossus Rush 

Get SALT Encoding   

  12  0:01  Probe  
  13  0:13  Probe  
  14  0:21  Pylon  
  14  0:25  Probe  
  15  0:39  Probe (Chrono Boost)  
  15  0:40  Gateway  
  16  0:51  Probe (Chrono Boost)  
  16  0:53  Assimilator  
  17  0:59  Probe (Chrono Boost)  
  18  1:05  Probe  
  19  1:17  Probe  
  20  1:29  Nexus  
  20  1:40  Cybernetics Core  
  20  1:45  Assimilator  
  20  1:51  Pylon  
  20  1:54  Probe  
  21  2:07  Probe  
  22  2:14  Stalker (Chrono Boost)  
  22  2:17  Warp Gate  
  22  2:19  Probe  
  25  2:31  Probe  
  26  2:38  Robotics Facility  
  26  2:40  Stalker  
  26  2:43  Probe  
  29  2:46  Shield Battery  
  29  2:48  Probe  
  30  2:55  Probe  
  31  3:01  Pylon  
  31  3:09  Probe  
  31  3:10  Stalker  
  31  3:11  Probe  
  35  3:21  Probe  
  36  3:33  Gateway  
  36  3:35  Gateway  
  36  3:38  Probe  
  36  3:39  Probe  
  38  3:46  Robotics Bay  
  37  3:51  Probe x2  
  40  3:55  Observer (Chrono Boost)  
  40  4:08  Probe  
  40  4:09  Probe  
  42  4:10  Observer (Chrono Boost)  
  42  4:12  Assimilator  
  42  4:15  Assimilator  
  43  4:20  Pylon  
  43  4:21  Probe x2  
  45  4:25  Stalker  
  45  4:28  Stalker  
  49  4:33  Probe  
  49  4:34  Twilight Council  
  49  4:35  Forge  
  49  4:38  Probe  
  51  4:45  Probe  
  52  4:50  Probe  
  52  4:52  Pylon  
  53  4:57  Probe  
  53  4:58  Sentry x2  
  58  5:02  Probe  
  58  5:06  Stalker  
  61  5:07  Charge (Chrono Boost)  
  61  5:09  Probe  
  63  5:14  Probe  
  63  5:21  Probe  
  63  5:26  Probe  
  65  5:32  Nexus  
  65  5:34  Probe  
  65  5:35  Pylon  
  66  5:37  Pylon  
  66  5:38  Probe  
  67  5:52  Pylon, Colossus  
  67  5:53  Probe x2  
  75  6:02  Gateway x2  
  75  6:07  Gateway  
  75  6:15  Gateway  
  74  6:20  Probe x2  
  76  6:28  Gateway  
  76  6:32  Probe x2  
  78  6:35  Photon Cannon  
  78  6:37  Photon Cannon  
  78  6:44  Probe x2  
  80  6:49  Photon Cannon  
  80  6:51  Stalker x2  
  84  6:56  Probe x2  
  92  7:08  Probe  
  92  7:10  Zealot x4  
  92  7:13  Probe  
  92  7:14  Probe  
  103  7:21  Photon Cannon  
  103  7:29  Shield Battery  
  103  7:31  Probe x2  
  103  7:32  Photon Cannon, Probe  
  106  7:39  Pylon  
  106  7:40  Pylon  
  106  7:42  Pylon  
  106  7:43  Probe  
  106  7:44  Pylon  
  89  7:58  Zealot x2  
  87  8:03  Zealot x5  
Show
View Real Time Build Order
Export as new Build Order

PiG Zerg - Winner!

Build Orders: Hatch First 

Get SALT Encoding   

  12  0:01  Drone  
  13  0:13  Overlord  
  13  0:19  Drone  
  14  0:33  Drone x2  
  16  0:49  Hatchery  
  15  0:53  Drone  
  16  0:57  Drone  
  16  0:59  Drone  
  18  1:12  Extractor  
  18  1:14  Spawning Pool  
  16  1:19  Drone  
  17  1:25  Drone  
  17  1:29  Drone  
  19  1:40  Drone  
  20  1:54  Overlord  
  20  2:03  Queen x2  
  20  2:04  Zergling x2  
  20  2:05  Zergling x2  
  26  2:15  Metabolic Boost  
  26  2:19  Drone x2  
  28  2:29  Drone  
  29  2:31  Drone  
  30  2:48  Drone x3  
  30  2:49  Drone  
  30  2:50  Hatchery  
  33  2:59  Overlord  
  33  3:00  Overlord  
  33  3:21  Drone x7  
  33  3:22  Overlord  
  40  3:28  Overlord  
  40  3:30  Queen  
  41  3:42  Drone  
  41  3:45  Drone  
  43  3:51  Drone x7  
  43  3:54  Overlord  
  50  4:04  Extractor, Roach Warren  
  50  4:09  Drone x2  
  50  4:10  Drone x3  
  53  4:17  Queen  
  55  4:33  Overlord  
  55  4:36  Drone x8  
  55  4:37  Drone  
  64  4:40  Lair  
  64  4:42  Extractor  
  64  4:44  Extractor  
  62  5:05  Drone x4  
  66  5:17  Overlord  
  66  5:18  Overlord x2  
  66  5:19  Roach x7  
  80  5:25  Overlord  
  80  5:35  Overlord  
  80  5:36  Overlord x4  
  80  5:38  Roach x3  
  80  5:41  Glial Reconstitution  
  86  5:45  Overseer  
  86  6:08  Roach x11  
  86  6:09  Overlord x3  
  108  6:22  Roach x3  
  108  6:23  Roach x2  
  118  6:41  Roach x6  
  118  6:42  Roach  
  118  6:43  Roach x3  
  118  6:44  Overlord  
  118  6:45  Overlord  
  138  7:04  Spire  
  138  7:05  Zergling x12, Extractor  
  138  7:06  Extractor  
  141  7:23  Zergling x20  
  135  8:35  Drone x9  
  135  8:38  Drone x2  
  135  9:05  Hatchery  
  135  9:09  Mutalisk x7  
  135  9:10  Mutalisk x11  
  135  9:35  Evolution Chamber  
  135  9:36  Evolution Chamber  
  135  9:47  Overlord  
  135  10:02  Zerg Missile Weapons Level 1  
  135  10:04  Zerg Ground Armor Level 1  
  135  10:17  Extractor  
  135  10:21  Roach x22  
  135  10:22  Extractor  
  135  10:37  Roach x10  
  135  17:37  Hatchery  
Tags
 
Add a new tag
Caveats
  • Supply blocks, unpowered buildings, or Contaminate may cause inaccurate times.
  • Supply counts are checked every 10 seconds.